 Dungeon Crawl Stone Soup version 0.22-a0-515-g75794bf (webtiles) character file.

74418 Amnesiac the Spry (level 15, 0/90 HPs)
             Began as a Spriggan Berserker on June 19, 2018.
             Was the Champion of Trog.
             Killed from afar by an Ice Fiend (38 damage)
             ... with a bolt of cold
             ... on level 1 of the Depths.
             The game lasted 00:35:24 (16494 turns).

Amnesiac the Spry (Spriggan Berserker)             Turns: 16494, Time: 00:35:24

Health: 0/90       AC: 11    Str: 23    XL:     15   Next: 6%
Magic:  16/16      EV: 32    Int: 10    God:    Trog [******]
Gold:   1244       SH: 10    Dex: 16    Spells: 14/14 levels left

rFire    + . .     SeeInvis +   a - +9 fustibalus (velocity)
rCold    + . .     Gourm    .   W - +3 buckler {AC+3}
rNeg     . . .     Faith    .   P - +0 acid dragon scales
rPois    .         Spirit   .   k - +2 hat
rElec    .         Reflect  .   L - scarf {rC+ rF+}
rCorr    +         Harm     +   (gloves unavailable)
MR       ++...                  (boots unavailable)
Stlth    +++.......             J - amulet of harm
HPRegen  0.25/turn              v - +5 ring of strength
MPRegen  0.15/turn              T - ring of wizardry

@: very quick
A: very small, unfitting armour, see invisible, herbivore, speed 3, slow
metabolism 2
a: Berserk, Trog's Hand, Brothers in Arms, Renounce Religion


You were on level 1 of the Depths.
You worshipped Trog.
Trog was exalted by your worship.
You were not hungry.

You visited 3 branches of the dungeon, and saw 17 of its levels.
You also visited: Ice Cave.

You collected 1244 gold pieces.

Inventory:

Hand Weapons
 a - a +9 fustibalus of velocity (weapon)
 b - a +1 dagger of electrocution
Missiles
 g - 404 stones
 m - 134 sling bullets (quivered)
 p - 62 poisoned needles
 y - 8 needles of paralysis
 G - 16 tomahawks
Armour
 k - a +2 hat (worn)
 s - a +0 cloak
 L - a scarf of resistance (worn)
 P - +0 acid dragon scales (worn)
 W - a +3 buckler of protection (worn)
Jewellery
 v - a +5 ring of strength (left hand)
 x - an uncursed amulet of regeneration
 J - an amulet of harm (around neck)
 K - an uncursed ring of protection from cold
 T - a ring of wizardry (right hand)
 U - a +2 ring of strength
 V - an uncursed ring of protection from cold
Wands
 l - a wand of flame (112)
 r - a wand of random effects (31)
 D - a wand of polymorph (14)
 H - a wand of iceblast (8)
 I - a wand of enslavement (25)
 S - a wand of disintegration (14)
Scrolls
 e - a scroll of noise {!r, unknown}
 f - 9 scrolls of remove curse {!r}
 j - 12 scrolls of identify {!r}
 n - a scroll of fog {!r}
 q - 5 scrolls of teleportation {!r}
 t - 6 scrolls of amnesia {!r}
 z - 2 scrolls of fear {!r, unknown}
 B - a scroll of magic mapping {!r}
 C - 3 scrolls of immolation {!r}
 F - a scroll of enchant armour {!r}
 M - a scroll of brand weapon {!r, unknown}
 N - 3 scrolls of enchant weapon {!r}
 R - a scroll of torment {!r, unknown}
Potions
 d - 4 potions of heal wounds {!q}
 h - a potion of cancellation {!q}
 i - a potion of mutation {!q, unknown}
 o - 4 potions of agility {!q}
 u - 3 potions of ambrosia {!q}
 w - 2 potions of might {!q}
 A - 3 potions of brilliance {!q}
 E - 5 potions of magic {!q}
 O - 2 potions of curing {!q}
 Q - a potion of lignification {!q}
Comestibles
 c - 29 rations


   Skills:
 - Level 15.2 Fighting
 - Level 4.0 Short Blades
 - Level 14.0 Slings
 - Level 17.9 Dodging
 - Level 5.0 Stealth
 + Level 5.7 Shields


You had 14 spell levels left.
You didn't know any spells.
Your spell library contained the following spells:

 Spells                   Type           Power        Failure   Level  Hunger
 Magic Dart               Conj           #...         21%         1    ##.....
 Apportation              Tloc           #.....       21%         1    ##.....
 Conjure Flame            Conj/Fire      #.......     52%         3    ####...
 Bolt of Magma            Conj/Fire/Erth #.........   99%         5    ######.
 Slow                     Hex            #.......     32%         2    ###....
 Mephitic Cloud           Conj/Pois/Air  #.......     52%         3    ####...
 Summon Small Mammal      Summ           #...         21%         1    ##.....
 Blink                    Tloc           N/A          32%         2    ###....
 Animate Dead             Necr           N/A          88%         4    #####..
 Pain                     Necr           #...         21%         1    ##.....
 Animate Skeleton         Necr           N/A          21%         1    ##.....
 Vampiric Draining        Necr           #.........   52%         3    ####...
 Call Imp                 Summ           #.......     32%         2    ###....
 Regeneration             Chrm/Necr      #.........   52%         3    ####...
 Iron Shot                Conj/Erth      #.........   100%        6    #######
 Recall                   Summ/Tloc      N/A          52%         3    ####...
 Statue Form              Tmut/Erth      #........    100%        6    #######
 Death Channel            Necr           #.........   100%        6    #######
 Confusing Touch          Hex            #.....       21%         1    ##.....
 Shatter                  Erth           #.........   100%        9    #######
 Simulacrum               Ice/Necr       #.........   100%        6    #######
 Leda's Liquefaction      Hex/Erth       #.........   88%         4    #####..
 Borgnjor's Vile Clutch   Necr/Erth      #.........   99%         5    ######.


Dungeon Overview and Level Annotations

Branches:
Dungeon (15/15) Temple (1/1) D:4 Lair (0/6) D:8 Orc (0/2) D:11 Vaults (0/5) D:12 D:13 Depths (1/5) D:15

Altars:
Ashenzari
Cheibriados
Dithmenos
Elyvilon
Fedhas
Gozag
Hepliaklqana
Kikubaaqudgha
Makhleb
Nemelex Xobeh
Okawaru
Qazlal
Ru
Sif Muna
Trog
Uskayaw
Vehumet
Wu Jian
Xom
Yredelemnul
Zin
The Shining One

Shops:
D:5 =

Portals:
Hell: Depths:1


Innate Abilities, Weirdness & Mutations

You are very small and have problems with some larger weapons.
You are too small for most types of armour.
You have supernaturally acute eyesight. (SInv)
You are a herbivore.
You cover ground extremely quickly.
You need to consume almost no food.


Message History

That would be overly suicidal.
Okay, then.
Firing (i - inventory. (/) - cycle)
m - 132 sling bullets (quivered)
Press: ? - help, Shift-Dir - straight line, f - you That would be overly suicidal.
Okay, then.
Really walk into that cloud of freezing vapour?
Okay, then.
m - 133 sling bullets (gained 1)
m - 134 sling bullets (gained 1)
m - 135 sling bullets (gained 1)
m - 136 sling bullets (gained 1)
m - 141 sling bullets (gained 5)
An Ice Fiend comes into view.
Firing (i - inventory. (/) - cycle)
m - 141 sling bullets (quivered)
Press: ? - help, Shift-Dir - straight line, f - Ice Fiend
Aim: an Ice Fiend (hasn't noticed you)
You shoot a sling bullet. The Ice Fiend roars!
The sling bullet hits the Ice Fiend!
The Ice Fiend is moderately wounded.
Unknown command.
Firing (i - inventory. (/) - cycle)
m - 140 sling bullets (quivered)
Press: ? - help, Shift-Dir - straight line, f/p - Ice Fiend
Aim: an Ice Fiend (moderately wounded)
You shoot a sling bullet. The sling bullet hits the Ice Fiend.
The Ice Fiend is moderately wounded.
Unknown command.
Firing (i - inventory. (/) - cycle)
m - 139 sling bullets (quivered)
Press: ? - help, Shift-Dir - straight line, f/p - Ice Fiend
Aim: an Ice Fiend (moderately wounded)
You shoot a sling bullet. The sling bullet hits the Ice Fiend!!
The Ice Fiend is severely wounded.
Unknown command.
Firing (i - inventory. (/) - cycle)
m - 138 sling bullets (quivered)
Press: ? - help, Shift-Dir - straight line, f/p - Ice Fiend
Aim: an Ice Fiend (severely wounded)
You shoot a sling bullet. The sling bullet hits the Ice Fiend.
The Ice Fiend is severely wounded.
The Ice Fiend calls on the powers of darkness!
Your body is wracked with pain!
Ouch! That really hurt!
* * * LOW HITPOINT WARNING * * *
Firing (i - inventory. (/) - cycle)
m - 137 sling bullets (quivered)
Press: ? - help, Shift-Dir - straight line, f/p - Ice Fiend
Aim: an Ice Fiend (severely wounded)
You shoot a sling bullet.
The sling bullet barely misses the Ice Fiend.
Unknown command.
Firing (i - inventory. (/) - cycle)
m - 136 sling bullets (quivered)
Press: ? - help, Shift-Dir - straight line, f/p - Ice Fiend
Aim: an Ice Fiend (severely wounded)
You shoot a sling bullet. The sling bullet hits the Ice Fiend.
The Ice Fiend is almost dead.
Unknown command.
Firing (i - inventory. (/) - cycle)
m - 135 sling bullets (quivered)
Press: ? - help, Shift-Dir - straight line, f/p - Ice Fiend
Aim: an Ice Fiend (almost dead)
You shoot a sling bullet.
The sling bullet hits the Ice Fiend but does no damage.
The Ice Fiend is almost dead.
The Ice Fiend gestures at you. The bolt of cold hits you! You resist.
You die...

###...###..÷##....#...
....(....(..#....# ..
.##.....(..#...## .
.........(..#[..##...
........1...#........
............#......##
............#......#
..######'####......# #
...#....@..##......# ..#
≈.......≈≈≈.⌠...##.##'##
..≈...≈.≈≈≈≈....##......
.≈≈≈.≈≈..≈≈≈≈..........#
...≈≈≈≈.....≈...........
..≈≈≈≈≈≈.≈.≈≈........#
≈≈≈≈≈≈≈≈≈≈≈..........#
≈≈≈≈≈≈≈≈≈≈≈..........#
≈≈≈≈≈≈≈≈≈≈≈.....##...#


You could see an Ice Fiend.

Vanquished Creatures
  Rupert (D:13)
  The ghost of Gamaul the Black Belt, an adept DsAs of Makhleb (D:15)
  A fire giant (D:15)
  3 very ugly things (Depths:1)
  An ettin (Depths:1)
  A fire dragon (Depths:1)
  2 ogre magi
  4 hydras
  Erolcha (D:9)
  2 ice dragons (Depths:1)
  A catoblepas (D:15)
  Erica (D:9)
  A death knight (D:15)
  5 centaur warriors
  8 two-headed ogres
  3 tengu warriors
  2 deep troll shamans (Depths:1)
  2 deep troll earth magi (Depths:1)
  An iron troll (Depths:1)
  6 unseen horrors
  4 skeletal warriors
  4 deep trolls (Depths:1)
  Pikel (D:6)
  A wolf spider zombie (D:14)
  An orc knight (D:13)
  26 ugly things
  5 ice statues
  Joseph (D:9)
  2 hornets
  A gargoyle (D:13)
  2 kobold demonologists
  2 freezing wraiths (Depths:1)
  An ice devil (Depths:1)
  A tengu conjurer (Depths:1)
  3 yaktaurs (D:15)
  A queen bee (shapeshifter) (D:13)
  4 trolls
  Grinder (D:3)
  6 slime creatures (D:14)
  6 hippogriffs
  Sigmund (D:5)
  A vampire (D:11)
  A wraith (D:15)
  14 yaks
  16 humans
  A basilisk (shapeshifter) (D:9)
  A wyvern (D:11)
  Eustachio (D:6)
  2 vampire mosquitoes (D:15)
  A basilisk (D:15)
  A neqoxec (Depths:1)
  An acid dragon (D:11)
  17 ice beasts
  4 sky beasts
  7 orc warriors
  An eye of draining (D:14)
  3 black bears
  A boggart (Depths:1)
  3 phantoms
  11 ogres
  10 centaurs (D:11)
  A crocodile (shapeshifter) (Depths:1)
  2 crocodiles
  A big kobold (D:9)
  12 bullfrogs
  A wyvern zombie (D:10)
  A wyvern skeleton (D:10)
  3 scorpions
  6 killer bees
  4 wights (D:8)
  10 crimson imps
  3 howler monkeys (D:9)
  4 centaur zombies
  A bullfrog zombie (D:12)
  A quasit (D:12)
  An iron imp (Depths:1)
  4 jellies
  Crazy Yiuf (D:5)
  9 orc priests
  4 centaur skeletons
  8 hounds
  2 iguanas
  19 orc wizards
  8 worker ants
  Terence (D:2)
  2 hound skeletons
  A worker ant zombie (D:9)
  Robin (D:2)
  A gnoll (D:10)
  15 adders
  7 shadow imps
  15 white imps
  2 oozes
  3 adder skeletons
  4 worms
  5 leopard geckos
  77 orcs
  4 giant cockroaches
  13 goblins
  6 hobgoblins
  8 jackals
  2 quokkas (D:10)
  2 ball pythons
  7 bats
  8 frilled lizards
  11 kobolds
  2 leopard gecko skeletons
  A quokka zombie (D:6)
  7 rats
529 creatures vanquished.

Vanquished Creatures (collateral kills)
  A soldier ant (D:8)
  A worm (D:8)
2 creatures vanquished.

Vanquished Creatures (others)
  A hornet (D:8)
  An adder (D:6)
2 creatures vanquished.

Grand Total: 533 creatures vanquished

Notes
Turn   | Place    | Note
-------+----------+-------------------------------------------
     0 | D:1      | Amnesiac the Spriggan Berserker began the quest for the Orb.
     0 | D:1      | Reached XP level 1. HP: 11/11 MP: 2/2
    82 | D:1      | Reached skill level 1 in Stealth
   257 | D:1      | Reached skill level 1 in Slings
   429 | D:1      | Reached XP level 2. HP: 15/16 MP: 3/3
  1145 | D:2      | Reached ** piety under Trog
  1154 | D:2      | Noticed Robin
  1183 | D:2      | Reached XP level 3. HP: 18/19 MP: 4/4
  1184 | D:2      | Killed Robin
  1281 | D:2      | Noticed Terence
  1295 | D:2      | Killed Terence
  1295 | D:2      | Reached XP level 4. HP: 20/23 MP: 5/5
  1826 | D:3      | Reached skill level 5 in Slings
  1943 | D:3      | Reached XP level 5. HP: 17/27 MP: 6/6
  2062 | D:3      | Reached *** piety under Trog
  2294 | D:3      | Noticed Grinder
  2540 | D:3      | Killed Grinder
  2540 | D:3      | Reached XP level 6. HP: 16/32 MP: 7/7
  2872 | D:4      | Found a staircase to the Ecumenical Temple.
  2885 | D:4      | Found a transporter.
  2892 | Temple   | Entered the Ecumenical Temple
  3377 | D:4      | Found a transporter.
  3383 | D:4      | Noticed a kobold demonologist
  3386 | D:4      | Noticed an ice beast
  3413 | D:4      | Killed an ice beast
  3413 | D:4      | Reached XP level 7. HP: 35/35 MP: 8/8
  3447 | D:4      | Received a gift from Trog
  3675 | D:4      | Noticed a hellwing
  3678 | D:4      | Noticed a rust devil
  3733 | D:4      | Noticed an ice devil
  3797 | D:4      | Noticed a neqoxec
  3885 | D:4      | Noticed a rust devil
  3886 | D:4      | Noticed a neqoxec
  3940 | D:5      | Entered Level 5 of the Dungeon
  4041 | D:5      | Reached skill level 10 in Slings
  4390 | D:5      | Found Piampy's Jewellery Shoppe.
  4414 | D:5      | Reached XP level 8. HP: 37/39 MP: 9/9
  4477 | D:5      | Noticed Sigmund
  4485 | D:5      | Killed Sigmund
  4485 | D:5      | Reached **** piety under Trog
  4582 | D:5      | Found a runed door.
  4747 | D:5      | Noticed Crazy Yiuf
  4754 | D:5      | Killed Crazy Yiuf
  5231 | D:6      | Found an ancient bone altar of Kikubaaqudgha.
  5235 | D:6      | Found a sacrificial altar of Ru.
  5300 | D:6      | Reached skill level 5 in Dodging
  5643 | D:6      | Reached XP level 9. HP: 44/44 MP: 10/10
  5793 | D:6      | Noticed Eustachio
  5818 | D:6      | Killed Eustachio
  5830 | D:6      | Noticed Pikel
  5865 | D:6      | Killed Pikel
  5865 | D:6      | Reached skill level 6 in Dodging
  6045 | D:6      | Found a burning altar of Makhleb.
  6100 | D:6      | Reached skill level 5 in Stealth
  6587 | D:6      | Reached ***** piety under Trog
  6622 | D:6      | Reached skill level 5 in Fighting
  6680 | D:7      | Reached skill level 7 in Dodging
  6693 | D:7      | Received a gift from Trog
  7265 | D:7      | Found an iron altar of Okawaru.
  7276 | D:7      | Reached XP level 10. HP: 53/53 MP: 11/11
  7279 | D:7      | Found a bloodstained altar of Trog.
  7378 | D:7      | Found a glowing golden altar of the Shining One.
  7452 | D:8      | Reached skill level 8 in Dodging
  7483 | D:8      | Found a deep blue altar of Sif Muna.
  7522 | D:8      | Found a staircase to the Lair.
  8481 | D:9      | Noticed Erolcha
  8489 | D:9      | Killed Erolcha
  8489 | D:9      | Reached skill level 9 in Dodging
  8749 | D:9      | Noticed Erica
  8817 | D:9      | Killed Erica
  8904 | D:9      | Reached skill level 10 in Dodging
  9347 | D:9      | Noticed Joseph
  9352 | D:9      | Received a gift from Trog
  9352 | D:9      | Reached XP level 11. HP: 60/60 MP: 12/12
  9371 | D:9      | Killed Joseph
 10206 | D:10     | Entered Level 10 of the Dungeon
 10367 | D:10     | Received a gift from Trog
 10708 | D:10     | Noticed an unseen horror
 10709 | D:10     | Killed an unseen horror
 10709 | D:10     | Reached skill level 11 in Dodging
 10962 | D:11     | Noticed a brown ugly thing
 10987 | D:11     | Killed a brown ugly thing
 11052 | D:11     | Reached ****** piety under Trog
 11063 | D:11     | Noticed a centaur warrior
 11065 | D:11     | Reached skill level 12 in Dodging
 11070 | D:11     | Killed a centaur warrior
 11070 | D:11     | Reached skill level 10 in Fighting
 11699 | D:11     | Reached XP level 12. HP: 68/68 MP: 13/13
 11800 | D:11     | Found a staircase to the Orcish Mines.
 11904 | D:12     | Noticed a seven-headed hydra
 11909 | D:12     | Killed a seven-headed hydra
 11915 | D:12     | Noticed a centaur warrior
 11927 | D:12     | Killed a centaur warrior
 11927 | D:12     | Reached skill level 13 in Dodging
 11940 | D:12     | Received a gift from Trog
 12128 | D:12     | Noticed a five-headed hydra
 12131 | D:12     | Killed a five-headed hydra
 12135 | D:12     | Noticed an eight-headed hydra
 12139 | D:12     | Killed an eight-headed hydra
 12209 | D:12     | Found a frozen archway.
 12249 | IceCv    | Entered an ice cave
 12263 | IceCv    | Received a gift from Trog
 12270 | IceCv    | Found a transporter.
 12483 | IceCv    | Reached skill level 14 in Dodging
 12491 | IceCv    | Found a transporter.
 13087 | D:13     | Found a gate to the Vaults.
 13087 | D:13     | Noticed a centaur warrior
 13087 | D:13     | Noticed Rupert
 13151 | D:13     | Reached XP level 13. HP: 54/76 MP: 14/14
 13211 | D:13     | Received a gift from Trog
 13211 | D:13     | Reached skill level 15 in Dodging
 13355 | D:13     | Killed Rupert
 13534 | D:13     | Received a gift from Trog
 13848 | D:14     | Found a shimmering altar of Xom.
 13857 | D:14     | Found a shimmering altar of Xom.
 13860 | D:14     | Found a shimmering altar of Xom.
 13860 | D:14     | Found a shimmering altar of Xom.
 13861 | D:14     | Found a shimmering altar of Xom.
 13868 | D:14     | Found a shimmering altar of Xom.
 13868 | D:14     | Found a shimmering altar of Xom.
 14046 | D:14     | Reached skill level 16 in Dodging
 14373 | D:15     | Entered Level 15 of the Dungeon
 14471 | D:15     | Found a staircase to the Depths.
 14471 | D:15     | Noticed a fire giant
 14479 | D:15     | Killed a fire giant
 14541 | D:15     | Found a runed door.
 14541 | D:15     | Noticed Gamaul's ghost (adept DsAs)
 14858 | D:15     | Reached XP level 14. HP: 84/84 MP: 15/15
 14972 | D:15     | Reached skill level 17 in Dodging
 15168 | D:15     | Killed Gamaul's ghost
 15210 | D:15     | Got a polished arbalest
 15245 | Depths:1 | Entered Level 1 of the Depths
 15448 | Depths:1 | Found a gateway to Hell.
 15539 | Depths:1 | Noticed a purple very ugly thing
 15556 | Depths:1 | Reached skill level 15 in Fighting
 15810 | Depths:1 | Noticed a green very ugly thing
 15824 | Depths:1 | Killed a green very ugly thing
 15977 | Depths:1 | Reached skill level 1 in Shields
 16006 | Depths:1 | Received a gift from Trog
 16050 | Depths:1 | Killed a cyan very ugly thing
 16149 | Depths:1 | Noticed a purple very ugly thing
 16161 | Depths:1 | Received a gift from Trog
 16205 | Depths:1 | Killed a brown very ugly thing
 16214 | Depths:1 | Reached skill level 5 in Shields
 16226 | Depths:1 | Reached XP level 15. HP: 76/90 MP: 16/16
 16239 | Depths:1 | Identified the +12 arbalest of Midwinter {penet, Int+2} (You found it on level 15 of the Dungeon)
 16411 | Depths:1 | Found the +7 longbow "Piercer" {penet, EV-2}
 16487 | Depths:1 | Noticed an Ice Fiend
 16494 | Depths:1 | Killed from afar by an Ice Fiend

Vault maps used:
D:1:      dpeg_arrival_radiant
D:2:      uniq_terence, uniq_robin
D:3:      first_ration, uniq_grinder
D:4:      gammafunk_wand_slinger, minmay_temple_entry_trees
D:5:      serial_shops, kennysheep_mini_moat, serial_glass, glass_columns_b,
          glass_columns_a, bh_walls_and_bars, uniq_sigmund,
          uniq_crazy_yiuf_cottage
D:6:      kennysheep_mini, nicolae_overflow_hidden_temple, uniq_pikel,
          uniq_eustachio
D:7:      grunt_temple_overflow_bloody_war, tso_altar
D:8:      tgw_sif, lair_entry_dummy, hangedman_pestilent_swarm
D:9:      uniq_erolcha, uniq_joseph, uniq_erica
D:10:     kennysheep_kite_vault
D:11:     orc_0_dummy
D:12:     portal_ice_cave_entry_imps
D:13:     david_vaults_3
D:14:     nicolae_xom_altar_mimics, minivault_15
D:15:     grunt_enter_depths_giant_problem, gammafunk_ghost_grave
Temple:   regret_index_temple_generic_petals
Depths:1: grunt_hell_entry_dis_grunt, grunt_decor_mini_mirrors,
          minmay_misc_feat_room, grunt_ministairs_2, minmay_misc_feat_enclosed,
          ice2_lemuel
IceCv:    ice_cave_statue_garden_transporter

Skill      XL: |  1  2  3  4  5  6  7  8  9 10 11 12 13 14 |
---------------+-------------------------------------------+-----
Stealth        | 1 3 5 |  5.0
Slings         | 1 3 4 5 7 9 11 12 13 14 | 14.0
Fighting       | 3 6 8 10 12 14 15 | 15.2
Dodging        | 5 7 10 12 14 16 17 | 17.9
Short Blades   | 4 |  4.0
Shields        | 5 |  5.7

Action                   |  1- 3 |  4- 6 |  7- 9 | 10-12 | 13-15 || total
-------------------------+-------+-------+-------+-------+-------++-------
Melee: Short sword       |    28 |       |       |       |       ||    28
       Mace              |    18 |       |       |       |       ||    18
       Morningstar       |       |       |     4 |       |       ||     4
       Dagger            |       |       |       |     5 |       ||     5
 Fire: Hunting sling     |    53 |   229 |   680 |   358 |       ||  1320
       Fustibalus        |       |       |       |   336 |   520 ||   856
Invok: Berserk           |     1 |       |     1 |       |       ||     2
Evoke: Wand              |       |     1 |    25 |     2 |       ||    28
  Use: Potion            |     2 |       |       |     2 |       ||     4
       Scroll            |       |       |     9 |    10 |     4 ||    23
 Stab: Sleeping          |     3 |       |       |       |       ||     3
  Eat: Ration            |       |       |     2 |     2 |     2 ||     6
Armor: Animal skin       |     7 |     3 |    18 |     1 |       ||    29
       Skin              |       |       |       |     4 |       ||     4
       Acid dragon scale |       |       |       |     2 |     7 ||     9
Dodge: Dodged            |    62 |    36 |   114 |   125 |    63 ||   400
Block: Buckler           |       |       |       |       |     6 ||     6

Table legend:
 A = Spawn XP
 B = Non-spawn XP
 C = Spawn XP percentage of total XP
 D = Spawn monster count
 E = Non-spawn monster count
 F = Spawn count percentage of total count
 G = Total turns spent on level
                    A         B        C        D         E        F      G
               +---------+---------+-------+---------+---------+-------+---------
         Total |       0 |  106312 |   0.0 |       0 |     531 |   0.0 | 16494
               +---------+---------+-------+---------+---------+-------+---------
           D:1 |       0 |      23 |   0.0 |       0 |      17 |   0.0 |  1006
           D:2 |       0 |     105 |   0.0 |       0 |      25 |   0.0 |   907
           D:3 |       0 |     403 |   0.0 |       0 |      30 |   0.0 |   901
           D:4 |       0 |     844 |   0.0 |       0 |      24 |   0.0 |  1095
           D:5 |       0 |     858 |   0.0 |       0 |      22 |   0.0 |   934
           D:6 |       0 |    2940 |   0.0 |       0 |      46 |   0.0 |  1836
           D:7 |       0 |    1206 |   0.0 |       0 |      33 |   0.0 |   823
           D:8 |       0 |     798 |   0.0 |       0 |      14 |   0.0 |  1008
           D:9 |       0 |    5868 |   0.0 |       0 |      46 |   0.0 |  1483
          D:10 |       0 |    2580 |   0.0 |       0 |      25 |   0.0 |   751
          D:11 |       0 |    6723 |   0.0 |       0 |      47 |   0.0 |   906
          D:12 |       0 |    9712 |   0.0 |       0 |      51 |   0.0 |   846
          D:13 |       0 |   13578 |   0.0 |       0 |      37 |   0.0 |   687
          D:14 |       0 |    7439 |   0.0 |       0 |      19 |   0.0 |   682
          D:15 |       0 |   16261 |   0.0 |       0 |      29 |   0.0 |   872
      Depths:1 |       0 |   34231 |   0.0 |       0 |      56 |   0.0 |  1249
         IceCv |       0 |    2743 |   0.0 |       0 |      10 |   0.0 |   293
               +---------+---------+-------+---------+---------+-------+---------
